 Dungeon Crawl Stone Soup version 0.30.1-3-gfc49f6343a (webtiles) character file.

Game seed: 7512502942600944321

179 Eryximachus the Magician (level 5, -1/33 HPs)
             Began as an Octopode Hedge Wizard on Aug 6, 2023.
             Slain by an orc
             ... wielding a +0 hand axe
              (6 damage)
             ... on level 5 of the Dungeon.
             The game lasted 00:14:13 (4696 turns).

Eryximachus the Magician (Octopode Hedge Wizard)    Turns: 4696, Time: 00:14:13

Health: -1/33      AC:  1    Str:  9    XL:     5   Next: 59%
Magic:  9/9        EV: 13    Int: 18    God:
Gold:   93         SH:  0    Dex: 12    Spells: 2/10 levels left

rFire   . . .        j - +3 short sword (speed)
rCold   . . .        (no shield)
rNeg    . . .        b - +0 hat
rPois   .            (no amulet)
rElec   .            (no ring)
rCorr   .            (no ring)
SInv    .            (no ring)
Will    .....        (no ring)
Stlth   +++          (no ring)
HPRegen 0.25/turn    (no ring)
MPRegen 0.11/turn    (no ring)
                     (no ring)

%: no passive effects
@: no status effects
A: almost no armour, amphibious, 8 rings, camouflage 1, gelatinous body 1,
(nimble swimmer 1), tentacles
a: no special abilities


You were on level 5 of the Dungeon.
You visited 1 branch of the dungeon, and saw 5 of its levels.

You collected 93 gold pieces.


Innate Abilities, Weirdness & Mutations

You cannot wear most types of armour.
You are amphibious.
You can wear up to eight rings at the same time.
Your skin changes colour to match your surroundings (Stealth+).
Your rubbery body absorbs attacks. (AC +1, EV +1)
((You are camouflaged when in or above water. (Stealth+)))
You have tentacles for arms and can constrict up to eight enemies at once.


   Skills:
 + Level 1.2 Fighting
 - Level 2.0 Dodging
 - Level 3.0 Stealth
 * Level 3.2 Spellcasting
 - Level 2.0 Conjurations
 - Level 3.0 Summonings
 - Level 3.0 Translocations
 * Level 1.2 Poison Magic


You had 2 spell levels left.
You knew the following spells:

 Your Spells              Type           Power      Damage    Failure   Level
c - Call Imp              Summ           26%        N/A       7%          2
d - Mephitic Cloud        Conj/Pois/Air  6%         N/A       30%         3
m - Magic Dart            Conj           40%        1d5       7%          1
B - Blink                 Tloc           26%        N/A       7%          2

Your spell library contained the following spells:

 Spells                   Type           Power      Damage    Failure   Level
 Slow                     Hex            8%         N/A       16%         1
 Cigotuvi's Dreadful Rot  Necr/Pois/Air  8%         N/A       21%         2
 Manifold Assault         Tloc           13%        N/A       43%         4
 Storm Form               Tmut/Air       1%         N/A       100%        7

Inventory:

Hand Weapons
 j - a +3 short sword of speed (weapon)
Armour
 b - a +0 hat (worn)
Magical Staves
 m - a staff of poison {!a}
Scrolls
 e - a scroll of fog
 f - 2 scrolls of enchant weapon
 g - a scroll of poison {unknown}
 h - a scroll of magic mapping
 o - 2 scrolls of identify {unknown}
 q - a scroll of enchant armour {unknown}
 r - 2 scrolls of teleportation {unknown}
 s - 2 scrolls of noise {unknown}
Potions
 a - 3 potions of haste {unknown}
 c - 2 potions of magic
 d - 2 potions of heal wounds {unknown}
 i - a potion of degeneration {unknown}
 k - a potion of might {unknown}
 l - 2 potions of lignification {unknown}
 n - a potion of cancellation {unknown}
 p - 2 potions of curing {unknown}
 t - 2 potions of brilliance {unknown}

Dungeon Overview and Level Annotations

Branches:
Dungeon (5/15)
 Temple: D:4-7

Altars:
Hepliaklqana

▒..........▓▓.▓▓ ▓
#..............▓ ▓
#........▓.▓▓..▓ ▓
..l..▓.▓▓.▓▓..▓ ▓
.... ▓>▓▓.▓▓..▓ ▓ ..
▓>▓▓.▓▓..▓ ▓▓▓▓▓▓▓▓
▓.▓▓.▓▓..▓ ▓)......
▓....o.o.▓ ▓▓.......
▓▓▓▓@▓▓▓.▓▓▓▓........
▓.▓ ▓..o.o........
▓.▓ ▓▓▓▓▓▓.$......
▓.▓ ▓▓....... ▓.▓
▓..†.... ▓.▓ ▓.▓▓.▓▓▓
▓.▓ ▓o▓▓.▓ ▓.▓▓
▓.▓▓.▓ ▓..▓ ▓o▓▓.▓


You could see 2 orcs.


Message History

The orc hits you with a +0 short sword.
* * * LOW HITPOINT WARNING * * *
You hit the orc but do no damage. You squeeze the orc.
The orc is heavily wounded.
You constrict the orc, but do no damage.
You hit the orc.
The orc is severely wounded.
You constrict the orc. The orc closely misses you.
The orc priest shouts!
You hit the orc.
You kill the orc!
The orc attacks as you move away! The orc hits you with a +0 hand axe.
* * * LOW HITPOINT WARNING * * *
The orc attacks as you move away! The orc barely misses you.
The orc attacks as you move away! The orc barely misses you.
You see here a hound corpse.
The orc attacks as you move away! The orc barely misses you.
The orc attacks as you move away! The orc hits you with a +0 hand axe.
* * * LOW HITPOINT WARNING * * *
The orc attacks as you move away! The orc hits you with a +0 hand axe.
* * * LOW HITPOINT WARNING * * *
The orc attacks as you move away! The orc closely misses you.
The orc attacks as you move away! The orc barely misses you.
The orc attacks as you move away! The orc barely misses you.
The orc attacks as you move away! The orc hits you with a +0 hand axe.
* * * LOW HITPOINT WARNING * * *
The orc attacks as you move away! The orc hits you with a +0 hand axe.
* * * LOW HITPOINT WARNING * * *
The orc attacks as you move away! The orc hits you with a +0 hand axe.
You die...

Skill      XL: |  1  2  3  4  5 |
---------------+----------------+-----
Stealth        | 3 |  3.0
Conjurations   | 2 |  2.0
Summonings     | 2 3 |  3.0
Translocations | 2 3 |  3.0
Fighting       | 1 |  1.2
Poison Magic   | 1 |  1.2
Dodging        | |  2.0
Spellcasting   | |  3.2

Action                     |  1- 3 |  4- 6 || total
---------------------------+-------+-------++-------
  Melee: Dagger            |    11 |       ||    11
         Short sword       |    27 |    55 ||    82
         Constrict         |     7 |    10 ||    17
         Tentacles         |     7 |    11 ||    18
         Punch             |       |     1 ||     1
   Cast: Magic Dart        |    42 |    55 ||    97
         Call Imp          |     3 |    10 ||    13
    Use: Scroll            |       |     3 ||     3
   Stab: Sleeping          |     1 |     3 ||     4
 Armour: Skin              |     4 |     2 ||     6
  Dodge: Dodged            |    19 |    35 ||    54

Levels and vault maps discovered:
D:1:      scummos_arrival_gate, layout_basic, serial_glass, glass_columns_a,
          glass_columns_b, glass_columns_c, glass_columns_a, glass_columns_a,
          glass_columns_a, glass_columns_b, glass_columns_c, glass_columns_a,
          glass_columns_a, glass_columns_b, glass_columns_c, glass_columns_a,
          glass_columns_b
D:2:      layout_loops_ring, hellmonk_ecumenical_altar_prayer_group,
          nrook_mini_vaults, nrook_uturn, st_stairs_2, dk_vineyard_1
D:3:      layout_basic, mainiacjoe_overflow_tiny_flanked
D:4:      layout_basic, jmf_multi_god_temple2, pf_just_have_faith,
          serial_corexii_hall, corexii_hall_statues_deadend,
          corexii_hall_statues_l, minmay_crystal_room, minmay_misc_feat_x,
          uniq_edmund
D:5:      layout_loops_ring, minmay_temple_entry_glassed_door, serial_shops,
          nicolae_shop_statue_plus, hangedman_abyss_or_decor_jellyfish_corner,
          dreamdust_wishing_well

Notes
Turn   | Place    | Note
-------+----------+-------------------------------------------
     0 | D:1      | Eryximachus the Octopode Hedge Wizard began the quest for
                  | the Orb.
     0 | D:1      | Reached XP level 1. HP: 11/11 MP: 4/4
   202 | D:1      | Reached skill level 3 in Stealth
   347 | D:1      | Reached XP level 2. HP: 17/17 MP: 4/6
   369 | D:1      | Learned a level 2 spell: Call Imp
   661 | D:1      | Reached skill level 2 in Conjurations
   885 | D:1      | Reached skill level 2 in Summonings
   885 | D:1      | Reached XP level 3. HP: 21/21 MP: 7/7
  1626 | D:2      | Reached skill level 3 in Summonings
  1743 | D:2      | Learned a level 2 spell: Blink
  1933 | D:2      | Reached XP level 4. HP: 27/27 MP: 6/8
  1949 | D:2      | Learned a level 3 spell: Mephitic Cloud
  2514 | D:2      | Found a faded altar of an unknown god.
  3032 | D:3      | Reached skill level 2 in Translocations
  3064 | D:3      | Reached skill level 1 in Fighting
  3407 | D:3      | Found a hazy altar of Hepliaklqana.
  3449 | D:3      | Reached XP level 5. HP: 33/33 MP: 6/9
  4142 | D:4      | Reached skill level 3 in Translocations
  4311 | D:5      | Entered Level 5 of the Dungeon
  4504 | D:5      | Reached skill level 1 in Poison Magic
  4696 | D:5      | Slain by an orc

Vanquished Creatures
  A hound (D:5)
  5 adders
  A worm (D:2)
  2 dart slugs
  6 orcs
  3 ball pythons
  6 bats
  6 endoplasms
  2 giant cockroaches
  8 hobgoblins
  9 jackals
  5 kobolds
  3 frilled lizards
  4 goblins
  4 rats
65 creatures vanquished.

Vanquished Creatures (collateral kills)
  2 adders
  An orc (D:3)
  A jackal (D:2)
4 creatures vanquished.

Grand Total: 69 creatures vanquished

Table legend: (Time is in decaauts)
 A = Elapsed time spent in this place.
 B = Non-inter-level travel time spent in this place.
 C = Inter-level travel time spent in this place.
 D = Time resting spent in this place.
 E = Time spent auto-exploring this place.
 F = Levels seen in this place.
 G = Mean time per level.
                   A        B        C        D        E       F      G
               +--------+--------+--------+--------+--------+-----+--------+
         Total |   4667 |   4513 |    154 |   1882 |    970 |   5 |  933.4 |
       Dungeon |   4667 |   4513 |    154 |   1882 |    970 |   5 |  933.4 |
               +--------+--------+--------+--------+--------+-----+--------+

Top non-repeatable levels by time:
     D:2: 1835 daAuts
     D:1: 1080 daAuts
     D:3: 1069 daAuts
     D:5: 379 daAuts
     D:4: 302 daAuts

Table legend:
 A = Non-vault XP
 B = Vault XP
 C = Vault XP percentage of total XP
 D = Non-vault monster count
 E = Vault monster count
 F = Vault count percentage of total count
                 A         B        C        D         E       F
            +---------+---------+-------+---------+---------+-------
      Total |     253 |       3 |   1.2 |      66 |       3 |   4.3
            +---------+---------+-------+---------+---------+-------
        D:1 |      39 |       0 |   0.0 |      22 |       0 |   0.0
        D:2 |      85 |       3 |   3.4 |      21 |       3 |  12.5
        D:3 |      44 |       0 |   0.0 |      10 |       0 |   0.0
        D:4 |      32 |       0 |   0.0 |       9 |       0 |   0.0
        D:5 |      53 |       0 |   0.0 |       4 |       0 |   0.0
            +---------+---------+-------+---------+---------+-------
